 Dungeon Crawl Stone Soup version 0.20.1-1-g8b1a95d (webtiles) character file.

7483 tybrzann the Carver (level 11, -8/66 HPs)
             Began as a Tengu Gladiator on Aug 31, 2017.
             Was a Priest of Makhleb.
             Asphyxiated
             ... on level 11 of the Dungeon on Sept 1, 2017.
             The game lasted 01:12:31 (8379 turns).

tybrzann the Carver (Tengu Gladiator)               Turns: 8379, Time: 01:12:31

Health: -8/66      AC: 15    Str: 21      XL:     11   Next: 15%
Magic:  12/12      EV: 14    Int:  8      God:    Makhleb [***...]
Gold:   490        SH:  0    Dex: 16 (17) Spells: 10/10 levels left

rFire    . . .     SeeInvis +   l - +3 falchion of Mocu {drain, rF+ Str+4}
rCold    + . .     Gourm    .   (no shield)
rNeg     . . .     Faith    +   E - +0 chain mail
rPois    .         Spirit   .   c - +0 hat
rElec    .         Reflect  .   J - +0 cloak
rCorr    .         Harm     .   r - +2 pair of gloves
MR       .....                  (boots unavailable)
Stlth    ..........             N - amulet of faith
Regen    0.3/turn               O - ring of ice
MPRegen  0.2/turn               B - ring of see invisible

@: lethally poisoned (-8 -> -56), flying quickly and evasively, slowed, very
slow
A: beak, talons 3, deterioration 1, subdued magic 1, able to fly 1, sturdy frame
1
a: Minor Destruction, Lesser Servant of Makhleb, Renounce Religion


You were on level 11 of the Dungeon.
You worshipped Makhleb.
Makhleb was most pleased with you.
You were not hungry.

You visited 2 branches of the dungeon, and saw 12 of its levels.

You collected 490 gold pieces.

Inventory:

Hand Weapons
 l - the +3 falchion of Mocu (weapon) {drain, rF+ Str+4}
   (You found it on level 5 of the Dungeon)

   A truly terrible weapon, it drains the life of those it strikes.
   It affects your strength (+4).
   It protects you from fire.
 G - a +3 great sword of freezing
 I - a +4 short sword of holy wrath
Missiles
 d - a throwing net (quivered)
Armour
 c - a +0 hat (worn)
 r - a +2 pair of gloves (worn)
 E - a +0 chain mail (worn)
 H - a +0 large shield
 J - a +0 cloak (worn)
Magical Staves
 F - an uncursed staff of power {unknown}
Jewellery
 p - an uncursed ring of fire
 B - a ring of see invisible (right hand)
 N - an amulet of faith (around neck)
 O - a ring of ice (left hand)
Wands
 e - a wand of digging (6/24)
 i - a wand of lightning (7/15)
 j - a wand of acid (8/15)
 n - a wand of confusion (32/48)
 w - a wand of polymorph (5/24)
 K - a wand of flame (12/48)
 P - a wand of flame (17/48)
Scrolls
 b - a scroll of identify
 h - 4 scrolls of amnesia
 k - 2 scrolls of teleportation
 s - 2 scrolls of recharging
 y - a scroll of enchant weapon {unknown}
 A - a scroll of fog
 C - 2 scrolls of enchant armour {unknown}
Potions
 m - a potion of ambrosia {unknown}
 o - a potion of mutation {unknown}
 q - a potion of curing {unknown}
 t - 4 potions of might
 u - a potion of flight {unknown}
 z - 2 potions of agility {unknown}
 D - a potion of brilliance {unknown}
Books
 L - a Grand Grimoire

   Spells                             Type                      Level
   a - Monstrous Menagerie            Summoning                    7
   b - Summon Greater Demon           Summoning                    7
   c - Malign Gateway                 Summoning/Translocation      7
   d - Summon Horrible Things         Summoning                    8
Comestibles
 a - 5 fruits
 f - 5 bread rations
 g - 2 meat rations
 v - 6 chunks of flesh
 x - 2 royal jellies


   Skills:
 + Level 6.7 Fighting
 * Level 12.5 Long Blades
   Level 6.8 Maces & Flails
 + Level 2.2 Throwing
 + Level 7.5 Armour
 + Level 5.5 Dodging
 + Level 2.9 Stealth


You had 10 spell levels left.
You didn't know any spells.

Dungeon Overview and Level Annotations

Branches:
Dungeon (11/15)            Temple (1/1) D:4            Lair (0/6) D:9
    Orc: D:9-12

Altars:
Ashenzari
Cheibriados
Dithmenos
Elyvilon
Fedhas
Gozag
Hepliaklqana
Kikubaaqudgha
Makhleb
Nemelex Xobeh
Okawaru
Qazlal
Sif Muna
Trog
Uskayaw
Vehumet
Xom
Yredelemnul
Zin
The Shining One

Shops:
D:4 %   D:7 %

Annotations:
D:11 Sonja


Innate Abilities, Weirdness & Mutations

You have a beak for a mouth.
You have claws for feet.
You can fly.
Your body sometimes deteriorates upon taking damage.
Your spells are a little easier to cast, but a little less powerful.
Your movements are slightly less encumbered by armour. (ER -2)


Message History

The curare-tipped needle hits you.
You are more poisoned.
You have difficulty breathing.
* * * LOW HITPOINT WARNING * * *
You feel as though you will be slow longer.
The yak gores you!
* * * LOW HITPOINT WARNING * * *
You see here a curare-tipped needle.
* * * LOW HITPOINT WARNING * * *
You feel sick.
Sonja shoots a curare-tipped needle.
The curare-tipped needle hits you.
You are more poisoned.
You have difficulty breathing.
* * * LOW HITPOINT WARNING * * *
You feel as though you will be slow longer.
The yak gores you but does no damage.
Sonja shoots a curare-tipped needle.
The curare-tipped needle hits you.
You are more poisoned.
You have difficulty breathing.
You die...

#.......#........#
#...÷...##..####..
####..####.K# #..#
#.(######..
##..##..........
#.........####
#.....(...#
#....Y(...#
#....Y@...#
#.........#
#...(.....#
########....<†...#
#................#
#.......##########
< #.......# ##.
#.......#######
#..
#......Y.......
..#


Y You could see 2 yaks and Sonja.

Vanquished Creatures
  Snorg (D:9)
  An unseen horror (D:10)
  An ugly thing (D:11)
  Maurice (D:9)
  2 trolls
  A hornet (D:8)
  A hippogriff (D:10)
  3 yaks
  A hungry ghost (D:8)
  Grum (D:10)
  3 vampire mosquitoes (D:9)
  A phantom (D:5)
  3 sky beasts
  2 orc warriors
  3 ice beasts
  2 wolves (D:10)
  An ogre (D:6)
  3 centaurs
  2 big kobolds
  2 bullfrogs
  2 scorpions
  9 killer bees
  5 wights (D:10)
  3 howler monkeys
  3 crimson imps
  4 hounds
  2 jellies
  2 centaur skeletons (D:6)
  An orc priest (D:3)
  A bullfrog skeleton (D:7)
  7 orc wizards
  4 iguanas
  5 worker ants
  2 hound zombies
  2 worker ant zombies
  10 adders
  11 gnolls
  2 shadow imps (D:9)
  2 oozes
  A worm (D:2)
  3 dart slugs
  4 leopard geckos
  21 orcs
  A bat (D:1)
  3 giant cockroaches
  4 goblins
  6 hobgoblins
  5 jackals
  2 quokkas
  A ball python (D:1)
  A ball python skeleton (D:5)
  7 frilled lizards
  8 kobolds
  A leopard gecko skeleton (D:4)
  A leopard gecko zombie (D:5)
  2 quokka skeletons
  A rat (D:2)
  A fungus (D:9)
185 creatures vanquished.

Vanquished Creatures (others)
  A yak (D:11)
1 creature vanquished.

Grand Total: 186 creatures vanquished

Notes
Turn   | Place    | Note
-------+----------+-------------------------------------------
     0 | D:1      | tybrzann the Tengu Gladiator began the quest for the Orb.
     0 | D:1      | Reached XP level 1. HP: 12/12 MP: 2/2
   231 | D:1      | Reached XP level 2. HP: 10/17 MP: 3/3
   448 | D:2      | Reached XP level 3. HP: 5/22 MP: 4/4
   769 | D:2      | Reached XP level 4. HP: 25/27 MP: 5/5
  1028 | D:3      | Found a bloodstained altar of Trog.
  1182 | D:3      | Reached skill level 1 in Armour
  1262 | D:3      | Reached skill level 5 in Maces & Flails
  1341 | D:3      | Gained mutation: You can fly. [Tengu growth]
  1341 | D:3      | Reached XP level 5. HP: 31/31 MP: 6/6
  2004 | D:4      | Found a staircase to the Ecumenical Temple.
  2007 | D:5      | Entered Level 5 of the Dungeon
  2013 | D:5      | Reached XP level 6. HP: 6/36 MP: 7/7
  2725 | Temple   | Entered the Ecumenical Temple
  3000 | Temple   | Became a worshipper of Makhleb the Destroyer
  3093 | D:4      | Found Dyci's Food Emporium.
  3663 | D:5      | Got a bloodstained falchion
  3664 | D:5      | Identified the +3 falchion of Mocu {drain, rF+ Str+4} (You found it on level 5 of the Dungeon)
  3682 | D:5      | Noticed a sky beast
  3701 | D:5      | Killed a sky beast
  3701 | D:5      | Reached XP level 7. HP: 32/41 MP: 4/8
  3706 | D:5      | Gained mutation: Your movements are slightly less encumbered by armour. (ER -2) [mutagenic meat]
  3722 | D:5      | Found a hide-covered altar of Uskayaw.
  3880 | D:5      | Reached skill level 1 in Long Blades
  3990 | D:5      | Reached skill level 2 in Long Blades
  3996 | D:5      | Reached skill level 1 in Stealth
  4309 | D:6      | Reached skill level 3 in Long Blades
  4349 | D:6      | Reached skill level 4 in Long Blades
  4349 | D:6      | Reached XP level 8. HP: 34/48 MP: 9/9
  4359 | D:6      | Gained mutation: Your body sometimes deteriorates upon taking damage. [mutagenic meat]
  4360 | D:6      | Gained mutation: Your spells are a little easier to cast, but a little less powerful. [mutagenic meat]
  4475 | D:6      | Reached * piety under Makhleb
  4593 | D:6      | Reached skill level 5 in Long Blades
  4853 | D:7      | Reached skill level 6 in Long Blades
  4863 | D:7      | Found Poheida's Food Shoppe.
  5164 | D:8      | Noticed a hornet
  5181 | D:8      | Killed a hornet
  5204 | D:8      | Reached skill level 7 in Long Blades
  5204 | D:8      | Reached skill level 5 in Dodging
  5204 | D:8      | Reached XP level 9. HP: 52/52 MP: 10/10
  5702 | D:8      | Reached skill level 5 in Armour
  5746 | D:9      | Reached ** piety under Makhleb
  5749 | D:9      | Reached skill level 8 in Long Blades
  5774 | D:9      | Reached skill level 5 in Fighting
  5939 | D:9      | Noticed a deep elf mage
  5940 | D:9      | Noticed a deep elf mage
  5943 | D:9      | Noticed a troll
  5990 | D:9      | Found a staircase to the Lair.
  5998 | D:9      | Reached skill level 9 in Long Blades
  6176 | D:9      | Noticed a troll
  6183 | D:9      | Killed a troll
  6271 | D:9      | Found a shadowy altar of Dithmenos.
  6414 | D:10     | Entered Level 10 of the Dungeon
  6421 | D:9      | Noticed Maurice
  6453 | D:9      | Killed Maurice
  6453 | D:9      | Reached skill level 10 in Long Blades
  6453 | D:9      | Reached XP level 10. HP: 27/59 MP: 11/11
  6488 | D:10     | Noticed Snorg
  6515 | D:9      | Killed Snorg
  6766 | D:10     | Noticed an unseen horror
  6773 | D:10     | Killed an unseen horror
  6773 | D:10     | Reached skill level 11 in Long Blades
  7067 | D:10     | Noticed Grum
  7083 | D:10     | Killed Grum
  7083 | D:10     | Reached *** piety under Makhleb
  7999 | D:11     | Noticed a cyan ugly thing
  8257 | D:11     | Killed a cyan ugly thing
  8257 | D:11     | Reached skill level 12 in Long Blades
  8257 | D:11     | Reached XP level 11. HP: 57/66 MP: 12/12
  8314 | D:11     | Noticed Sonja
  8379 | D:11     | HP: 1/66 [asphyx]
  8379 | D:11     | Asphyxiated

Skill      XL: |  1  2  3  4  5  6  7  8  9 10 |
---------------+-------------------------------+-----
Maces & Flails | 4 5 6 |  6.8
Armour         | 1 2 4 6 7 |  7.5
Dodging        | 4 5 |  5.5
Fighting       | 3 4 5 6 |  6.7
Long Blades    | 4 7 10 12 | 12.5
Stealth        | 1 2 |  2.9
Throwing       | |  2.2

Action                   |  1- 3 |  4- 6 |  7- 9 | 10-12 || total
-------------------------+-------+-------+-------+-------++-------
Melee: Flail             |    47 |   119 |       |       ||   166
       Peck              |     3 |    18 |    51 |    53 ||   125
       Kick              |    13 |    35 |   104 |    76 ||   228
       Falchion          |       |     4 |   245 |   178 ||   427
Throw: Throwing net      |       |       |       |     4 ||     4
 Abil: Fly               |       |     1 |     1 |     1 ||     3
  Use: Scroll            |       |     7 |     4 |       ||    11
       Potion            |       |       |       |     4 ||     4
 Stab: Sleeping          |       |       |     1 |       ||     1
       Invisible         |       |       |       |     3 ||     3
  Eat: Chunk             |       |     4 |    11 |     6 ||    21
       Bread ration      |       |     1 |       |       ||     1
       Fruit             |       |       |     6 |       ||     6
Armor: Leather armour    |     4 |       |       |       ||     4
       Ring mail         |       |     9 |    25 |       ||    34
       Chain mail        |       |       |    29 |    94 ||   123
Dodge: Dodged            |    30 |   101 |   139 |   160 ||   430
       Rpst.: Falchion   |       |     1 |    45 |    35 ||    81
